 Dungeon Crawl Stone Soup version 0.19-a0-283-g61a59a3 (webtiles) character file.

588 violet the Gusty (level 7, -1/41 HPs)
             Began as a High Elf Wizard on May 26, 2016.
             Was a Priest of Kikubaaqudgha.
             Slain by GlassEater's ghost (6 damage)
             ... in an ossuary.
             The game lasted 00:27:15 (7459 turns).

violet the Gusty (High Elf Wizard)                  Turns: 7459, Time: 00:27:16

Health: -1/41      AC:  6    Str:  8    XL:     7   Next: 15%
Magic:  7/13       EV:  7    Int: 22    God:    Kikubaaqudgha [***...]
Gold:   252        SH:  0    Dex: 14    Spells: 6 memorised, 0 levels left

rFire  . . .     SeeInvis .     n - +3 dagger (venom)
rCold  . . .     Gourm    .     a - +0 robe
rNeg   . . .     Faith    .     (no shield)
rPois  .         Spirit   .     j - +2 helmet
rElec  .         Dismiss  .     (no cloak)
rCorr  .         Reflect  .     y - +0 pair of gloves
SustAt .         Harm     .     (no boots)
MR     .....                    (no amulet)
Stlth  ++........               (no ring)
                                (no ring)

@: not resistant to hostile enchantments, unstealthy
A: no striking features
a: Receive Corpses, Renounce Religion


You were in an ossuary.
You worshipped Kikubaaqudgha.
Kikubaaqudgha was most pleased with you.
You were hungry.

You visited 1 branch of the dungeon, and saw 6 of its levels.
You also visited: Ossuary.

You collected 252 gold pieces.

Inventory:

Hand Weapons
 n - a +3 dagger of venom (weapon)
 p - a +2 mace of protection
 s - a +1 vampiric hand axe
 w - a +0 dagger of electrocution
 z - a cursed -3 war axe
 B - a +0 blowgun
Missiles
 C - 10 curare-tipped needles
Armour
 a - a +0 robe (worn)
 b - a +0 hat
 j - a +2 helmet (worn)
 y - a +0 pair of gloves (worn)
Wands
 k - a wand of flame (18/48)
Scrolls
 e - 4 scrolls of identify
 h - 2 scrolls of fog
 l - a scroll of amnesia
 q - 3 scrolls of enchant weapon
 r - a scroll of remove curse
Potions
 g - 2 potions of berserk rage
 o - 2 potions of curing
 t - a potion of heal wounds
 u - a potion of magic
 v - a potion of beneficial mutation
 F - a potion of flight {unknown}
Books
 c - a book of Minor Magic

   Spells                             Type                      Level
   a - Magic Dart                     Conjuration                  1
   b - Blink                          Translocation                2
   c - Call Imp                       Summoning                    2
   d - Repel Missiles                 Charms/Air                   2
   e - Slow                           Hexes                        2
   f - Conjure Flame                  Conjuration/Fire             3
   g - Mephitic Cloud                 Conjuration/Poison/Air       3
 m - Kikubaaqudgha's Almanac of Stolen Souls
   (Kikubaaqudgha gifted it to you on level 2 of the Dungeon)

   Spells                             Type                      Level
   a - Pain                           Necromancy                   1
   b - Corpse Rot                     Necromancy                   2
   c - Sublimation of Blood           Necromancy                   2
   d - Regeneration                   Charms/Necromancy            3
   e - Control Undead                 Necromancy                   4
 A - Kikubaaqudgha's Papyrus of Sinister Rites
   (Kikubaaqudgha gifted it to you on level 5 of the Dungeon)

   Spells                             Type                      Level
   a - Bolt of Draining               Conjuration/Necromancy       5
   b - Agony                          Necromancy                   5
   c - Cigotuvi's Embrace             Necromancy                   5
   d - Dispel Undead                  Necromancy                   5
   e - Simulacrum                     Ice/Necromancy               6
 E - the Reference Book on the Mountains and Sinister Arts
   (You found it on level 5 of the Dungeon)

   Spells                             Type                      Level
   a - Passwall                       Transmutation/Earth          2
   b - Vampiric Draining              Necromancy                   3
   c - Lee's Rapid Deconstruction     Earth                        5
   d - Agony                          Necromancy                   5
Comestibles
 d - 4 bread rations
 f - 2 royal jellies
 i - a beef jerky
 x - a slice of pizza
 D - a chunk of flesh


   Skills:
 - Level 2.1 Dodging
 - Level 2.1 Stealth
 - Level 3.6 Spellcasting
 + Level 3.4 Conjurations
 - Level 2.5 Charms
 - Level 3.0 Summonings
 - Level 2.7 Necromancy
   Level 1.1 Translocations
 + Level 2.1 Fire Magic
 + Level 3.9 Air Magic


You couldn't memorise any spells.
You knew the following spells:

 Your Spells              Type           Power        Failure   Level  Hunger
a - Regeneration          Chrm/Necr      ###.......   12%         3    ###....
b - Call Imp              Summ           ###.....     8%          2    ##.....
c - Pain                  Necr           ###.         4%          1    None
d - Repel Missiles        Chrm/Air       ###...       6%          2    ##.....
e - Conjure Flame         Conj/Fire      ###.....     12%         3    ###....
f - Corpse Rot            Necr           N/A          8%          2    ##.....


Dungeon Overview and Level Annotations

Branches:
Dungeon (6/15)
 Temple: D:4-7

Altars:
Elyvilon
Fedhas
Kikubaaqudgha
Nemelex Xobeh
Pakellas
Yredelemnul
Zin

Annotations:
D:4 Typerbomb's ghost, novice GrFi Ossuary GlassEater's ghost, novice MiFi


Message History

Your white imp freezes GlassEater's ghost.
You swap places.
Your shadow imp hits GlassEater's ghost.
GlassEater's ghost hits you!
* * * LOW HITPOINT WARNING * * *
Your white imp gestures at GlassEater's ghost.
The puff of frost hits GlassEater's ghost.
Your white imp hits GlassEater's ghost but does no damage.
You swap places.
Your shadow imp barely misses GlassEater's ghost.
GlassEater's ghost barely misses you.
Your white imp hits GlassEater's ghost but does no damage. x2
Your shadow imp hits GlassEater's ghost but does no damage.
Your white imp hits GlassEater's ghost but does no damage.
Your shadow imp closely misses GlassEater's ghost.
There is a gate leading back out of this place here.
Your shadow imp hits GlassEater's ghost but does no damage.
GlassEater's ghost hits you.
You die...
Kikubaaqudgha rasps: "You have failed me!
Welcome... death!"

###################
#.....Z55W@∩.......
#.......5..........
#...##############.
#.. #. #


You could see GlassEater's ghost, an orc zombie, 2 friendly white imps and a
friendly shadow imp.

Vanquished Creatures
  A crimson imp (D:5)
  A hound (D:5)
  A giant frog skeleton (D:5)
  An orc priest (D:3)
  2 orc wizards
  7 adders
  A shadow imp (D:5)
  An ooze (D:2)
  2 worms (D:2)
  3 dart slugs (D:2)
  3 giant geckos
  2 orcs
  7 bats
  4 giant cockroaches
  13 goblins
  11 hobgoblins
  8 jackals
  A quokka (D:5)
  3 giant newts
  8 kobolds
  11 rats
91 creatures vanquished.

Vanquished Creatures (collateral kills)
  2 sky beasts (D:5)
  2 centaur zombies (D:5)
  A jelly (D:5)
  A centaur skeleton (D:6)
  2 worker ants (D:5)
  A hound skeleton (D:5)
  Robin (D:3)
  3 adders
  7 orcs
  A giant cockroach (D:5)
  4 goblins (D:3)
  5 hobgoblins
  A quokka skeleton (D:5)
31 creatures vanquished.

Grand Total: 122 creatures vanquished

Notes
Turn   | Place    | Note
--------------------------------------------------------------
     0 | D:1      | violet the High Elf Wizard began the quest for the Orb.
     0 | D:1      | Reached XP level 1. HP: 11/11 MP: 6/6
   679 | D:1      | Reached XP level 2. HP: 17/17 MP: 2/7
   729 | D:1      | Learned a level 2 spell: Call Imp
   755 | D:1      | Reached skill level 1 in Summonings
  1464 | D:2      | Found a faded altar to an unknown god.
  1689 | D:2      | Became a worshipper of Kikubaaqudgha
  1689 | D:2      | Reached * piety under Kikubaaqudgha
  1689 | D:2      | Received a gift from Kikubaaqudgha
  1689 | D:2      | Identified Kikubaaqudgha's Almanac of Stolen Souls (Kikubaaqudgha gifted it to you on level 2 of the Dungeon)
  1692 | D:2      | Learned a level 1 spell: Pain
  1695 | D:2      | Learned a level 2 spell: Repel Missiles
  1715 | D:2      | Reached XP level 3. HP: 21/21 MP: 2/9
  2377 | D:2      | Reached XP level 4. HP: 27/27 MP: 8/10
  2382 | D:2      | Learned a level 3 spell: Conjure Flame
  2646 | D:2      | Reached ** piety under Kikubaaqudgha
  2646 | D:2      | Reached skill level 1 in Necromancy
  2653 | D:2      | Found a sparkling altar of Nemelex Xobeh.
  3595 | D:3      | Reached XP level 5. HP: 30/31 MP: 11/11
  3816 | D:3      | Learned a level 2 spell: Corpse Rot
  4177 | D:4      | Noticed Typerbomb's ghost (novice GrFi)
  4228 | D:4      | Noticed Robin
  4235 | D:3      | HP: 1/31 [hobgoblin/club[Robin] (4)]
  4235 | D:3      | Killed Robin
  4235 | D:3      | Reached skill level 1 in Air Magic
  4545 | D:3      | Reached skill level 1 in Charms
  4829 | D:4      | Found a glowing silver altar of Zin.
  4981 | D:5      | Entered Level 5 of the Dungeon
  5608 | D:5      | Noticed a sky beast
  5631 | D:5      | Reached XP level 6. HP: 22/36 MP: 6/12
  5663 | D:5      | HP: 1/36 [sky beast (6)]
  5666 | D:5      | Killed a sky beast
  6070 | D:5      | Reached skill level 1 in Fire Magic
  6448 | D:5      | Found an oddly glowing altar of Pakellas.
  6551 | D:5      | Found a blossoming altar of Fedhas.
  6552 | D:5      | Found an ancient bone altar of Kikubaaqudgha.
  6686 | D:5      | Reached *** piety under Kikubaaqudgha
  6686 | D:5      | Received a gift from Kikubaaqudgha
  6687 | D:5      | Identified Kikubaaqudgha's Papyrus of Sinister Rites (Kikubaaqudgha gifted it to you on level 5 of the Dungeon)
  6782 | D:5      | Noticed a sky beast
  6815 | D:5      | Killed a sky beast
  6815 | D:5      | Reached XP level 7. HP: 41/41 MP: 6/13
  6908 | D:5      | Identified the Reference Book on the Mountains and Sinister Arts
  6913 | D:5      | Learned a level 3 spell: Regeneration
  6944 | D:5      | Found a basalt altar of Yredelemnul.
  7079 | D:5      | Found a white marble altar of Elyvilon.
  7297 | D:6      | Found a sand-covered staircase.
  7330 | Ossuary  | Entered an ossuary
  7330 | Ossuary  | Noticed GlassEater's ghost (novice MiFi)
  7459 | Ossuary  | Slain by GlassEater's ghost

Vault maps used:
D:1:      dpeg_arrival_sounds_slurp
D:2:      ecumenical_altar_1, roderic_roman_lattice, nemelex_dance_club_becter
D:4:      old_standard_altar, tgw_trog, uniq_robin, uniq_eustachio
D:5:      kennysheep_six_static_rooms, grunt_temple_overflow_growth_and_decay,
          kennysheep_ying_yang, grunt_pakellas_salt, first_bread, st_stairs_10
D:6:      lemuel_crystal_altar, temple_hall, nicolae_ossuary_entry_monument
Ossuary:  ossuary_tomb_1

Skill      XL: |  1  2  3  4  5  6 |
---------------+-------------------+-----
Conjurations   | 2 3 |  3.4
Summonings     | 2 3 |  3.0
Necromancy     | 2 |  2.7
Air Magic      | 2 3 |  3.9
Charms         | 1 2 |  2.5
Fire Magic     | 2 |  2.1
Dodging        | |  2.1
Stealth        | |  2.1
Spellcasting   | |  3.6
Translocations | |  1.1

Action                   |  1- 3 |  4- 6 |  7- 9 || total
-------------------------+-------+-------+-------++-------
Melee: Unarmed           |     2 |       |       ||     2
       Dagger            |    48 |   147 |    16 ||   211
 Fire: Blowgun           |       |     2 |       ||     2
Throw: Stone             |     8 |       |       ||     8
 Cast: Magic Dart        |    82 |    43 |       ||   125
       Call Imp          |       |    48 |     9 ||    57
       Pain              |       |     5 |       ||     5
       Corpse Rot        |       |     3 |       ||     3
Evoke: Wand              |       |     1 |       ||     1
  Use: Potion            |       |     3 |       ||     3
       Scroll            |       |    13 |     1 ||    14
 Stab: Sleeping          |     3 |     4 |     1 ||     8
  Eat: Chunk             |     4 |    15 |     2 ||    21
Armor: Robe              |    12 |    50 |     4 ||    66
Dodge: Dodged            |    27 |   116 |     9 ||   152
